 Dungeon Crawl Stone Soup version 0.29-a0-334-gb41bcbb86e (webtiles) character file.

Game seed: 1928184920458569882

86 spaghetti the Cleaver (level 4, -11/34 HPs)
             Began as a Gnoll Wanderer on Apr 15, 2022.
             Mangled by an ogre
             ... wielding a +0 giant club
              (23 damage)
             ... on level 4 of the Dungeon.
             The game lasted 00:02:57 (1458 turns).

spaghetti the Cleaver (Gnoll Wanderer)              Turns: 1458, Time: 00:02:58

Health: -11/34     AC:  4    Str: 13    XL:     4   Next: 49%
Magic:  8/8        EV: 11    Int: 14    God:
Gold:   134        SH:  0    Dex:  9    Spells: 8/9 levels left

rFire   . . .      SeeInvis .   a - +2 hand axe {axe}
rCold   . . .      Faith    .   (no shield)
rNeg    . . .      Spirit   .   f - +0 robe
rPois   .          Reflect  .   q - +0 helmet
rElec   .          Harm     .   v - +0 cloak
rCorr   .          Rampage  .   (no gloves)
Will    .....                   (no boots)
Stlth   +.........              (no amulet)
HPRegen 0.11/turn               (no ring)
MPRegen 0.11/turn               (no ring)

@: no status effects
A: fangs 1, strong nose, distributed training
a: no special abilities


You were on level 4 of the Dungeon.
You visited 1 branch of the dungeon, and saw 4 of its levels.

You collected 134 gold pieces.


Innate Abilities, Weirdness & Mutations

You have very sharp teeth.
Your uncanny sense of smell can sniff out nearby items.
Your experience applies equally to all skills.


   Skills:
 + Level 2.7 Fighting
 + Level 1.1 Short Blades
 + Level 1.1 Long Blades
 + Level 8.5 Axes
 + Level 1.1 Maces & Flails
 + Level 1.1 Polearms
 + Level 1.1 Staves
 + Level 1.1 Slings
 + Level 1.1 Bows
 + Level 1.1 Crossbows
 + Level 4.6 Throwing
 + Level 1.1 Armour
 + Level 1.1 Dodging
 + Level 1.1 Stealth
 + Level 1.1 Shields
 + Level 1.1 Unarmed Combat
 + Level 3.0 Spellcasting
 + Level 0.9 Conjurations
 + Level 0.9 Hexes
 + Level 0.9 Summonings
 + Level 0.9 Necromancy
 + Level 0.9 Translocations
 + Level 0.9 Transmutations
 + Level 0.9 Fire Magic
 + Level 0.9 Ice Magic
 + Level 0.9 Air Magic
 + Level 2.2 Earth Magic
 + Level 0.9 Poison Magic
 + Level 2.8 Invocations
 + Level 1.1 Evocations


You had 8 spell levels left.
You knew the following spells:

 Your Spells              Type           Power      Damage    Failure   Level
a - Sandblast             Erth           16%        2d6       9%          1

Your spell library contained the following spells:

 Spells                   Type           Power      Damage    Failure   Level
 Animate Skeleton         Necr           8%         N/A       14%         1
 Stone Arrow              Conj/Erth      12%        3d7       32%         3
 Fireball                 Conj/Fire      2%         3d4       99%         5
 Iskenderun's Battlesphe  Conj           4%         2d6       99%         5
 Conjure Ball Lightning   Conj/Air       2%         3x3d6     100%        6
 Orb of Destruction       Conj           2%         9d5       100%        7

Inventory:

Hand Weapons
 a - a +2 hand axe (weapon) {axe}
 c - a +0 dagger {short}
Missiles
 b - 9 boomerangs (quivered) {throwing}
 e - 87 stones {throwing}
 n - 2 poisoned darts {throwing}
Armour
 f - a +0 robe (worn)
 q - a +0 helmet (worn)
   (You found it on level 3 of the Dungeon)
 v - a +0 cloak (worn)
   (You found it on level 3 of the Dungeon)
Wands
 w - a wand of flame (16)
   (You found it on level 4 of the Dungeon)
Scrolls
 d - a scroll of blinking {!r}
 g - a scroll of immolation {!r!r}
 j - a scroll of enchant weapon
 k - 2 scrolls of teleportation {@r4}
 l - a scroll of torment {unknown}
 s - a scroll of fog
 u - a scroll of noise {!r}
 x - a scroll of holy word {unknown}
Potions
 h - a potion of curing {unknown}
 i - 2 potions of mutation {unknown}
 m - a potion of degeneration {unknown}
 o - a potion of heal wounds {unknown}
 r - 2 potions of haste {unknown}
 t - a potion of lignification {unknown}

Dungeon Overview and Level Annotations

Branches:
Dungeon (4/15)
 Temple: D:4-7

Altars:

Shops:
D:4

* . ######### #########
.######.......# #<......#
..........O..<# #.......#
..............# #.......#
..............###....<..#########
...............O@...............#
.......####.####........#######.#
.......####.#####.####### #.#
...##.........# #.# #.# ...
#.........# #.# #.# ...
#.........###.########## #.# ...
#.........#............# #.# ###
#.........#............# #†#
#####.........#............####.#


You could see an ogre.


Message History

Found a stone staircase leading up.
An ogre comes into view. It is wielding a +0 giant club.
The ogre shouts!
A necrophage comes into view.
There are monsters nearby!
There are monsters nearby!
There is a stone staircase leading up here.
You climb upwards.
There is a stone staircase leading down here.
Unknown command.
Done exploring.
Done exploring.
Done exploring.
(D) Dungeon
Where to? (Enter - D:4, ? - help)
You climb downwards.
There is a stone staircase leading up here.
There are monsters nearby!
The necrophage barely misses you.
You climb upwards.
There is a stone staircase leading down here.
You hit the necrophage.
The necrophage hits you but does no damage.
You hit the necrophage. Your punch misses the necrophage.
You bite the necrophage.
The necrophage hits you but does no damage.
You barely miss the necrophage. The necrophage hits you.
You feel drained. 😕 HP[-3]
You now have 27 max hp (-1).
You take 3 damage, and now have 25/27 hp.
You hit the necrophage. The necrophage closely misses you.
You hit the necrophage. The necrophage misses you.
You barely miss the necrophage. The necrophage closely misses you.
You hit the necrophage but do no damage.
You bite the necrophage, but do no damage.
The necrophage hits you. 😕 HP[-2]
You take 2 damage, and now have 23/27 hp.
You hit the necrophage. You hit the necrophage.
You destroy the necrophage!
Your life force feels restored.
Your Short Blades skill increases to level 1!
Your Long Blades skill increases to level 1!
Your Maces & Flails skill increases to level 1!
Your Polearms skill increases to level 1!
Your Staves skill increases to level 1!
Your Slings skill increases to level 1!
Your Bows skill increases to level 1!
Your Crossbows skill increases to level 1!
Your Armour skill increases to level 1!
Your Dodging skill increases to level 1!
Your Stealth skill increases to level 1!
Your Shields skill increases to level 1!
Your Unarmed Combat skill increases to level 1!
Your Spellcasting skill increases to level 3!
Your Evocations skill increases to level 1!
You have reached level 4!
You feel clever. 😕 HP[+5] MP[+1]
You now have 34 max hp (+7).
You regained 5 hp, and now have 28/34 hp.
Your mp is fully restored (8).
There is a stone staircase leading up here.
You see here a +0 whip {mace}.
There is a stone staircase leading down here. 😕 HP[+5]
You regained 5 hp, and now have 33/34 hp.
You climb downwards.
There is a stone staircase leading up here. 😎 HP[+1]
Your hp is fully restored (34).
An ogre is nearby!
An ogre is nearby!
An ogre is nearby!
An ogre is nearby!
You throw a boomerang {throwing}. The ogre shouts!
The boomerang {throwing} hits the ogre!
You throw a boomerang {throwing}.
The boomerang {throwing} barely misses the ogre.
You slash the ogre! Your bite misses the ogre.
The ogre hits you with a +0 giant club!!
Ouch! That really hurt!
* * * LOW HITPOINT WARNING * * *
You are too injured to fight recklessly!
You are too injured to fight recklessly!
You are too injured to fight recklessly! 😨 HP[-22]
You take 22 damage, and now have 12/34 hp.
MASSIVE DAMAGE!! (PAUSE)
Okay, then.
Okay, then.
Okay, then.
Okay, then.
You hit the ogre. You closely miss the ogre.
The ogre hits you with a +0 giant club!!
Ouch! That really hurt!
You die...

Skill      XL: |  1  2  3 |
---------------+----------+-----
Earth Magic    | 2 |  2.2
Short Blades   | 1 |  1.1
Long Blades    | 1 |  1.1
Maces & Flails | 1 |  1.1
Polearms       | 1 |  1.1
Staves         | 1 |  1.1
Slings         | 1 |  1.1
Bows           | 1 |  1.1
Crossbows      | 1 |  1.1
Armour         | 1 |  1.1
Dodging        | 1 |  1.1
Stealth        | 1 |  1.1
Shields        | 1 |  1.1
Unarmed Combat | 1 |  1.1
Spellcasting   | 3 |  3.0
Evocations     | 1 |  1.1
Fighting       | |  2.7
Axes           | |  8.5
Throwing       | |  4.6
Conjurations   | |  0.9
Hexes          | |  0.9
Summonings     | |  0.9
Necromancy     | |  0.9
Translocations | |  0.9
Transmutations | |  0.9
Fire Magic     | |  0.9
Ice Magic      | |  0.9
Air Magic      | |  0.9
Poison Magic   | |  0.9
Invocations    | |  2.8

Action                   |  1- 3 |  4- 6 || total
-------------------------+-------+-------++-------
Melee: Hand axe          |    29 |     3 ||    32
       Bite              |     2 |       ||     2
Throw: Boomerang         |    46 |     2 ||    48
  Use: Scroll            |     5 |       ||     5
Armor: Robe              |     5 |       ||     5
Dodge: Dodged            |    14 |       ||    14

Levels and vault maps discovered:
D:1:      dpeg_arrival_round_c, layout_rooms,
          shapermc_ecumenical_altar_rom_forum, serial_bayou,
          serial_bayou_pond_c, serial_bayou_pond_a, serial_bayou_pond_c,
          serial_bayou_pond_d, interstate_on_off, minmay_pentomino_t2
D:2:      layout_loops_cross
D:3:      layout_rooms, serial_glass, glass_columns_b, glass_columns_c,
          glass_columns_c, glass_columns_b, due_unseen_surprise,
          chequers_serial_rivers_micro_b, nicolae_figureground_pulse
D:4:      layout_basic, grunt_decor_cap, minivault_24,
          nicolae_shop_overcharged_wands

Notes
Turn   | Place    | Note
-------+----------+-------------------------------------------
     0 | D:1      | spaghetti the Gnoll Wanderer began the quest for the Orb.
     0 | D:1      | spaghetti set off with the following items: a +2 hand axe
                  | {axe}, 10 boomerangs {throwing}, a +0 dagger {short}, a
                  | scroll of blinking {!r}, 37 stones {throwing}, a +0 robe;
                  | and the following spell memorised: Sandblast; and the
                  | following spells available to memorise: Stone Arrow
     0 | D:1      | Reached XP level 1. HP: 17/17 MP: 4/4
     0 | D:1      | magus.rc [v1.9.6]
    53 | D:1      | Reached skill level 2 in Earth Magic
    94 | D:1      | Reached XP level 2. HP: 23/23 MP: 5/5
   154 | D:1      | Found a faded altar of an unknown god.
   163 | D:1      | Got Plato's Handbook of Stolen Souls
   615 | D:2      | You fall into a shaft and drop 1 floor!
   625 | D:3      | Reached XP level 3. HP: 21/28 MP: 7/7
   786 | D:3      | You pick up a book of the Spheres and begin reading...
   786 | D:3      | You add the spells Iskenderun's Battlesphere, Fireball,
                  | Conjure Ball Lightning and Orb of Destruction to your
                  | library.
  1315 | D:4      | Found Heret's Overcharged Wands.
  1378 | D:4      | Noticed an ogre
  1378 | D:4      | Noticed a necrophage
  1403 | D:3      | Killed a necrophage
  1404 | D:3      | Reached skill level 1 in Short Blades
  1404 | D:3      | Reached skill level 1 in Long Blades
  1404 | D:3      | Reached skill level 1 in Maces & Flails
  1404 | D:3      | Reached skill level 1 in Polearms
  1404 | D:3      | Reached skill level 1 in Staves
  1404 | D:3      | Reached skill level 1 in Slings
  1404 | D:3      | Reached skill level 1 in Bows
  1404 | D:3      | Reached skill level 1 in Crossbows
  1404 | D:3      | Reached skill level 1 in Armour
  1404 | D:3      | Reached skill level 1 in Dodging
  1404 | D:3      | Reached skill level 1 in Stealth
  1404 | D:3      | Reached skill level 1 in Shields
  1404 | D:3      | Reached skill level 1 in Unarmed Combat
  1404 | D:3      | Reached skill level 3 in Spellcasting
  1404 | D:3      | Reached skill level 1 in Evocations
  1404 | D:3      | Reached XP level 4. HP: 28/34 MP: 8/8
  1458 | D:4      | Mangled by an ogre

Vanquished Creatures
  A necrophage (D:3)
  An orc (D:3)
  2 ball pythons
  2 bats (D:1)
  An endoplasm (D:1)
  A giant cockroach (D:1)
  4 goblins
  3 hobgoblins
  4 jackals (D:1)
  A frilled lizard (D:1)
  2 kobolds (D:1)
  4 rats
26 creatures vanquished.

Vanquished Creatures (others)
  4 plants (D:1)
4 creatures vanquished.

Grand Total: 30 creatures vanquished

Table legend:
 A = Non-vault XP
 B = Vault XP
 C = Vault XP percentage of total XP
 D = Non-vault monster count
 E = Vault monster count
 F = Vault count percentage of total count
                 A         B        C        D         E       F
            +---------+---------+-------+---------+---------+-------
      Total |     119 |       4 |   3.3 |      24 |       2 |   7.7
            +---------+---------+-------+---------+---------+-------
        D:1 |      27 |       4 |  12.9 |      16 |       2 |  11.1
        D:3 |      90 |       0 |   0.0 |       7 |       0 |   0.0
        D:4 |       2 |       0 |   0.0 |       1 |       0 |   0.0
            +---------+---------+-------+---------+---------+-------

Illustrated notes

Table legend:
 A = Kills in this place as a percentage of kills in entire the game.
 B = Kills by you in this place as a percentage of kills by you in the entire game.
 C = Kills by friends in this place as a percentage of kills by friends in the entire game.
 D = Other kills in this place as a percentage of other kills in the entire game.
 E = Experience gained in this place as a percentage of experience gained in the entire game.
 F = Experience gained in this place divided by the number of levels of this place that you have seen.
                   A       B       C       D       E      F
               +-------+-------+-------+-------+-------+----------------------
         Total | 100.0 | 100.0 |   N/A |   N/A | 100.0 |  30.8
       Dungeon | 100.0 | 100.0 |   N/A |   N/A | 100.0 |  30.8
               +-------+-------+-------+-------+-------+----------------------

Table legend: (Time is in decaauts)
 A = Elapsed time spent in this place.
 B = Non-inter-level travel time spent in this place.
 C = Inter-level travel time spent in this place.
 D = Time resting spent in this place.
 E = Time spent auto-exploring this place.
 F = Levels seen in this place.
 G = Mean time per level.
                   A        B        C        D        E       F      G
               +--------+--------+--------+--------+--------+-----+--------+
         Total |   1468 |   1350 |    118 |      0 |   1147 |   4 |  367.0 |
       Dungeon |   1468 |   1350 |    118 |      0 |   1147 |   4 |  367.0 |
               +--------+--------+--------+--------+--------+-----+--------+

Top non-repeatable levels by time:
     D:3: 710 daAuts
     D:1: 625 daAuts
     D:4: 133 daAuts
